 Dungeon Crawl Stone Soup version 0.27-a0-1066-g29160eaed2 (webtiles) character file.

Game seed: 2746003972208109780

64 LordDeathwing the Covered (level 3, -6/33 HPs)
             Began as a Minotaur Fighter on Apr 24, 2021.
             Was a Plaything of Xom.
             Mangled by a gnoll
             ... wielding a +0 halberd
              (8 damage)
             ... on level 2 of the Dungeon.
             The game lasted 00:02:36 (1443 turns).

LordDeathwing the Covered (Minotaur Fighter)        Turns: 1443, Time: 00:02:37

Health: -6/33      AC:  7    Str: 21    XL:     3   Next: 91%
Magic:  2/2        EV:  7    Int:  5    God:    Xom [..*...]
Gold:   41         SH:  9    Dex:  9    Spells: 2/2 levels left

rFire    . . .     SeeInvis .   a - +0 trident
rCold    . . .     Faith    .   c - +0 kite shield
rNeg     . . .     Spirit   .   b - +0 scale mail
rPois    .         Reflect  .   (helmet restricted)
rElec    .         Harm     .   (no cloak)
rCorr    .         Rampage  .   (no gloves)
Will     .....                  (no boots)
Stlth    ..........             (no amulet)
HPRegen  0.11/turn              (no ring)
MPRegen  0.08/turn              (no ring)

@: no status effects
A: horns 2, retaliatory headbutt
a: Renounce Religion


You were on level 2 of the Dungeon.
You worshipped Xom.
You were a toy of Xom.
You visited 1 branch of the dungeon, and saw 2 of its levels.

You collected 41 gold pieces.

Inventory:

Hand Weapons
 a - a +0 trident (weapon)
Armour
 b - a +0 scale mail (worn)
 c - a +0 kite shield (worn)
Scrolls
 e - a scroll of fog {unknown}
 g - a scroll of enchant armour {unknown}
 h - 3 scrolls of identify {unknown}
Potions
 d - 2 potions of might
 f - a potion of lignification {unknown}
 i - a potion of ambrosia {unknown}
 j - a potion of magic {unknown}


   Skills:
 + Level 4.1 Fighting
 * Level 3.6 Polearms
 * Level 4.5 Armour
 + Level 4.0 Shields


You had 2 spell levels left.
You didn't know any spells.
Your spell library was empty.

Dungeon Overview and Level Annotations

Branches:
Dungeon (2/15)

Altars:
Xom


Innate Abilities, Weirdness & Mutations

You have a pair of horns on your head.
You reflexively headbutt those who attack you in melee.


Message History

You closely miss the frilled lizard.
Your headbutt misses the frilled lizard.
The frilled lizard barely misses you. You block the gnoll's attack.
You closely miss the frilled lizard.
The frilled lizard bites you but does no damage.
The gnoll hits you from afar with a +0 halberd!
You barely miss the frilled lizard.
The frilled lizard bites you but does no damage.
You block the gnoll's attack. The frilled lizard bites you.
* * * LOW HITPOINT WARNING * * *
You block the gnoll's attack.
You closely miss the frilled lizard. The frilled lizard barely misses you.
The gnoll closely misses you.
You barely miss the frilled lizard. You headbutt the frilled lizard.
You kill the frilled lizard!
You block the gnoll's attack. The gnoll hits you but does no damage.
You are too injured to fight recklessly!
You are too injured to fight recklessly!
You are too injured to fight recklessly!
You block the gnoll's attack.
Things that are here:
a +0 whip; a quokka corpse; a gnoll corpse You closely miss the gnoll.
You block the gnoll's attack.
You hit the gnoll.
The gnoll is lightly wounded.
The gnoll hits you with a +0 halberd!
* * * LOW HITPOINT WARNING * * *
Your shield prevents you from hitting the gnoll.
The gnoll is lightly wounded.
The gnoll hits you but does no damage. You block the gnoll's attack.
You barely miss the gnoll. You headbutt the gnoll!
The gnoll is severely wounded.
You block the gnoll's attack.
You completely miss the gnoll.
The gnoll is severely wounded.
You block the gnoll's attack.
You hit the gnoll but do no damage. Your headbutt misses the gnoll.
The gnoll is severely wounded.
The gnoll hits you with a +0 halberd!
You die...

########## ###
######........# ..?.
#)...#.######.# .....
#....#.######.########......
##..................g........
#........#.....#...r..l....##
#........#.....g)######..#.#
#........#######@# ..#
###.##........##.# ...
#.##...####.##.# ...#
###.##...#### #.# .(#
.....†........ #.# ..#
.##.##....##.. ...
###.##....# ... #.##....# ...
♣ #>........ .....


You could see a gnoll.

Vanquished Creatures
  2 gnolls (D:2)
  An adder (D:2)
  A dart slug (D:1)
  3 ball pythons
  A bat (D:2)
  5 endoplasms
  2 goblins (D:1)
  3 hobgoblins
  3 jackals (D:1)
  2 quokkas
  4 frilled lizards
  5 rats
32 creatures vanquished.

Notes
Turn   | Place    | Note
-------+----------+-------------------------------------------
     0 | D:1      | LordDeathwing the Minotaur Fighter began the quest for the
                  | Orb.
     0 | D:1      | Reached XP level 1. HP: 19/19 MP: 0/0
   105 | D:1      | Reached XP level 2. HP: 27/27 MP: 1/1
  1130 | D:2      | Reached XP level 3. HP: 28/33 MP: 2/2
  1195 | D:2      | Found a faded altar of an unknown god.
  1203 | D:2      | Became a worshipper of Xom of Chaos
  1214 | D:2      | XOM: divination: detect items
  1289 | D:2      | XOM: silly message
  1439 | D:2      | HP: 1/33 [gnoll/+0 halberd (8)]
  1443 | D:2      | Mangled by a gnoll

Illustrated notes

Levels and vault maps discovered:
D:1:      dpeg_arrival_arbitrary_c, layout_basic
D:2:      layout_basic, basic_ecumenical_altar, kennysheep_generic_room_15

Skill      XL: |  1  2  3 |
---------------+----------+-----
Armour         | 4 |  4.5
Polearms       | 3 |  3.6
Fighting       | 4 |  4.1
Shields        | 4 |  4.0

Action                   || total
-------------------------++-------
Melee: Trident           ||    83
       Headbutt          ||    16
Armor: Scale mail        ||    35
Dodge: Dodged            ||    21
Block: Kite shield       ||    40

Table legend: (Time is in decaauts)
 A = Elapsed time spent in this place.
 B = Non-inter-level travel time spent in this place.
 C = Inter-level travel time spent in this place.
 D = Time resting spent in this place.
 E = Time spent auto-exploring this place.
 F = Levels seen in this place.
 G = Mean time per level.
                   A        B        C        D        E       F      G
               +--------+--------+--------+--------+--------+-----+--------+
         Total |   1472 |   1437 |     35 |     39 |   1122 |   2 |  736.0 |
       Dungeon |   1472 |   1437 |     35 |     39 |   1122 |   2 |  736.0 |
               +--------+--------+--------+--------+--------+-----+--------+

Top non-repeatable levels by time:
     D:1: 1136 daAuts
     D:2: 336 daAuts
